 Dungeon Crawl Stone Soup version 0.19-a0-860-g5c370dd (webtiles) character file.

336 4thArraOfDagon the Sneak (level 6, -1/28 HPs)
             Began as a Felid Abyssal Knight on July 2, 2016.
             Was a Follower of Lugonu.
             Killed from afar by an orc wizard (8 damage)
             ... with a puff of flame
             ... on level 5 of the Dungeon.
             The game lasted 00:07:04 (1354 turns).

4thArraOfDagon the Sneak (Felid Abyssal Knight)     Turns: 1354, Time: 00:07:05

Health: -1/28      AC:  2    Str:  8    XL:     6   Next: 28%
Magic:  9/9        EV: 20    Int: 15    God:    Lugonu [*.....]
Gold:   61         SH:  0    Dex: 16    Spells: 3 memorised, 2 levels left
                                        Lives:  0   Deaths: 1

rFire  . . .     SeeInvis +       - Unarmed
rCold  . . .     Gourm    .     (armour unavailable)
rNeg   . . .     Faith    .     (shield unavailable)
rPois  .         Spirit   .     (helmet unavailable)
rElec  .         Dismiss  .     (cloak unavailable)
rCorr  +         Reflect  .     (gloves unavailable)
SustAt .         Harm     .     (boots unavailable)
MR     .....                    (no amulet)
Stlth  ++++......               (no ring)
                                r - ring of resist corrosion

@: quick, not resistant to hostile enchantments, stealthy
A: no armour, no weapons or thrown items, claws 1, fangs 3, see invisible,
carnivore 3, speed 1, shaggy fur 2, slow metabolism 1, sharp paws
a: Depart the Abyss, Renounce Religion


You were on level 5 of the Dungeon.
You worshipped Lugonu.
Lugonu was aware of your devotion.
You were very full.

You visited 1 branch of the dungeon, and saw 6 of its levels.
You visited the Abyss 1 time.

You collected 61 gold pieces.

Inventory:

Jewellery
 r - a ring of resist corrosion (left paw)
Wands
 c - a wand of slowing (34/48)
 e - a wand of lightning (0/15)
 h - a wand of lightning (0/15)
 u - a wand of acid (7/15)
Scrolls
 f - 2 scrolls of recharging
 g - 2 scrolls of identify
 i - a scroll of enchant weapon {unknown}
 j - a scroll of remove curse {unknown}
 k - a scroll of amnesia {unknown}
 l - a scroll of magic mapping {unknown}
 m - a scroll of teleportation {unknown}
 s - 2 scrolls of enchant armour {unknown}
 t - a scroll of vulnerability {unknown}
 v - a scroll of blinking {unknown}
Potions
 d - 2 potions of heal wounds {unknown}
 n - a potion of curing {unknown}
 o - a potion of might {unknown}
 p - a potion of berserk rage {unknown}
 w - a potion of magic {unknown}
Books
 q - a book of Cantrips

   Spells                             Type                      Level
   a - Confusing Touch                Hexes                        1
   b - Animate Skeleton               Necromancy                   1
   c - Summon Small Mammal            Summoning                    1
   d - Apportation                    Translocation                1
Comestibles
 a - 3 meat rations
 b - 2 beef jerkies


   Skills:
 - Level 3.0 Fighting
 + Level 4.6 Dodging
 * Level 5.3 Stealth
 * Level 4.4 Unarmed Combat
 + Level 3.2 Invocations


You had 2 spell levels left.
You knew the following spells:

 Your Spells              Type           Power        Failure   Level  Hunger
a - Animate Skeleton      Necr           N/A          28%         1    ##.....
b - Apportation           Tloc           #.........   28%         1    ##.....
c - Confusing Touch       Hex            #.....       28%         1    ##.....


Dungeon Overview and Level Annotations

Branches:
Dungeon (6/15)             Temple (0/1) D:5

Altars:
Cheibriados
Gozag
Okawaru
Ru


Innate Abilities, Weirdness & Mutations

You cannot wear armour.
You are incapable of wielding weapons or throwing items.
You have sharp claws.
You have razor-sharp teeth.
You have supernaturally acute eyesight. (SInv)
You are carnivorous and can eat meat at any time.
You cover ground quickly.
You are covered in thick fur. (AC +2)
You have a slow metabolism.
Your sharp claws are effective at attacking unaware monsters.


Message History

Press: ? - help, Shift-Dir - straight line, f/p - orc wizard
Aim: an orc wizard, wielding a dagger and wearing a robe (chance to defeat MR: 51%)
The orc wizard seems to slow down.
Evoking this partially-identified wand wasted a few charges.
Unknown command.
You closely miss the orc wizard. The orc wizard completely misses you.
You closely miss the orc wizard. The orc wizard casts a spell at you.
The puff of flame hits you!
* * * LOW HITPOINT WARNING * * *
You are too injured to fight recklessly!
You are too injured to fight recklessly!
You are too injured to fight recklessly!
You scratch the orc wizard but do no damage.
Your bite misses the orc wizard. You scratch the orc wizard.
Your bite misses the orc wizard.
The orc wizard is moderately wounded.
The orc wizard gestures at you while chanting.
The puff of flame hits you!
You die...

###.......#......##....#
..........####.#.##....######
.........#.....####.........#
.................##..>.####.#
.........#.#......#....#
.#######.###......#......
#.............#######.#
#.######...........( # #
#...(@.####. #....o.#
#.#...... ...#........
#####......#..# ###..... .#
###.... # #####


You could see an orc wizard.

Vanquished Creatures
  2 ogres
  A crimson imp (D:6)
  An orc priest (D:5)
  A giant frog skeleton (D:5)
  Jessica (D:2)
  2 worker ants (D:4)
  A worker ant zombie (D:5)
  2 adders
  An adder skeleton (D:6)
  2 worms
  A dart slug (D:1)
  3 orcs
  A ball python (D:3)
  2 giant cockroaches (D:4)
  7 jackals
  A kobold (D:3)
  3 quokkas
  A bat (D:3)
  A giant newt (D:6)
  A rat (D:1)
  A plant (D:3)
36 creatures vanquished.

Notes
Turn   | Place    | Note
-------+----------+-------------------------------------------
     0 | Abyss:1  | 4thArraOfDagon the Felid Abyssal Knight began the quest for the Orb.
     0 | Abyss:1  | Reached XP level 1. HP: 10/10 MP: 3/3
    45 | Abyss:1  | Noticed a tentacled starspawn
    85 | Abyss:2  | Noticed a smoke demon
   109 | Abyss:2  | Found a corrupted altar of Lugonu.
   153 | Abyss:3  | Noticed a dire elephant
   153 | Abyss:3  | Noticed a dire elephant
   154 | Abyss:3  | Noticed a dire elephant
   154 | Abyss:3  | Noticed a spatial vortex
   154 | Abyss:3  | Noticed a dire elephant
   157 | Abyss:3  | Noticed a dire elephant
   180 | Abyss:3  | Noticed a neqoxec
   202 | Abyss:3  | Noticed an iron imp
   205 | Abyss:3  | Noticed a thrashing horror
   214 | Abyss:3  | Noticed an orange demon
   217 | Abyss:3  | Noticed a smoke demon
   217 | Abyss:3  | Noticed a hellwing
   231 | Abyss:3  | Noticed a large abomination
   232 | Abyss:3  | Noticed a raiju
   233 | Abyss:3  | Noticed a raiju
   235 | D:1      | Escaped the Abyss
   288 | D:2      | Noticed Jessica
   297 | D:2      | Killed Jessica
   297 | D:2      | Reached skill level 2 in Stealth
   297 | D:2      | Reached XP level 2. HP: 14/14 MP: 4/4
   336 | D:3      | Reached XP level 3. HP: 16/17 MP: 5/5
   680 | D:4      | Found an iron altar of Okawaru.
   734 | D:4      | Reached * piety under Lugonu
   825 | D:4      | Reached skill level 3 in Stealth
   848 | D:5      | Entered Level 5 of the Dungeon
   848 | D:5      | Found a staircase to the Ecumenical Temple.
   851 | D:5      | Reached XP level 4. HP: 21/21 MP: 6/6
   901 | D:5      | Learned a level 1 spell: Animate Skeleton
   903 | D:5      | Learned a level 1 spell: Apportation
   905 | D:5      | Learned a level 1 spell: Confusing Touch
   923 | D:5      | Killed from afar by an orc wizard
   924 | D:5      | Reached XP level 3. HP: -1/17 MP: 5/5
   932 | D:4      | Found a snail-covered altar of Cheibriados.
   940 | D:4      | Reached XP level 4. HP: 6/21 MP: 5/7
  1037 | D:5      | Found a sacrificial altar of Ru.
  1057 | D:5      | Reached skill level 4 in Stealth
  1085 | D:6      | Found an opulent altar of Gozag.
  1124 | D:6      | Reached XP level 5. HP: 16/24 MP: 8/8
  1213 | D:6      | Noticed an orc warrior
  1229 | D:6      | Noticed an ogre
  1242 | D:6      | Killed an ogre
  1301 | D:5      | Noticed an ogre
  1315 | D:5      | Killed an ogre
  1315 | D:5      | Reached skill level 5 in Stealth
  1315 | D:5      | Gained mutation: You are covered in thick fur. (AC +2) [Felid growth]
  1315 | D:5      | Reached XP level 6. HP: 19/28 MP: 9/9
  1354 | D:5      | Killed from afar by an orc wizard

Vault maps used:
D:1:      nicolae_arrival_somewhat_less_tricky_arrival
D:2:      lemuel_doored_altar, lemuel_crystal_altar, grunt_decor_cap,
          uniq_terence, uniq_natasha, uniq_jessica
D:3:      marbit_many_paths, serial_bayou, serial_bayou_shore_a,
          serial_bayou_pond_d, serial_bayou_shore_b, serial_bayou_lagoon_a
D:4:      cheibriados_altar_1, old_standard_altar, first_bread
D:5:      lemuel_round_altar
D:6:      nicolae_gozag_seed_capital
Abyss:2:  hangedman_abyss_feature_spike
Abyss:3:  evilmike_abyss_rune_elephants_shrine

Skill      XL: |  1  2  3  4  5 |
---------------+----------------+-----
Stealth        | 2 3 4 5 |  5.3
Invocations    | 2 3 |  3.2
Unarmed Combat | 3 4 |  4.4
Dodging        | 4 |  4.6
Fighting       | |  3.0

Action                   |  1- 3 |  4- 6 || total
-------------------------+-------+-------++-------
Melee: Unarmed           |   163 |    70 ||   233
       Bite              |    12 |     6 ||    18
       Punch             |     2 |     1 ||     3
Invok: Depart the Abyss  |     1 |       ||     1
Evoke: Wand              |     4 |    12 ||    16
  Use: Scroll            |     1 |     3 ||     4
 Stab: Sleeping          |     6 |     4 ||    10
  Eat: Chunk             |     5 |     5 ||    10
Armor: Skin              |     1 |     3 ||     4
Dodge: Dodged            |    22 |    49 ||    71
